 Dungeon Crawl Stone Soup version 0.31-a0-267-g3fc6992b3b (webtiles) character file.

Game seed: 5094284977687392943

78 qw the Shooter (level 4, -1/26 HPs)
             Began as a Gargoyle Hexslinger on July 14, 2023.
             Slain by an adder (3 damage)
             ... on level 4 of the Dungeon.
             The game lasted 00:00:48 (2209 turns).

qw the Shooter (Gargoyle Hexslinger)                Turns: 2209, Time: 00:00:48

Health: -1/26      AC:  8    Str: 12    XL:     4   Next: 36%
Magic:  5/5        EV: 10    Int: 13    God:
Gold:   158        SH:  0    Dex: 14    Spells: 4/5 levels left

rFire   . . .        Y - +1 sling
rCold   . . .        (no shield)
rNeg    + . .        g - +0 ring mail
rPois   inf          (no helmet)
rElec   +            (no cloak)
rCorr   .            (no gloves)
SInv    .            (no boots)
Will    .....        (no amulet)
Stlth   +            (no ring)
HPRegen 0.24/turn    (no ring)
MPRegen 0.09/turn

%: no passive effects
@: no status effects
A: sickness immunity, AC +3, negative energy resistance 1, electricity
resistance, torment resistance 1, petrification resistance
a: no special abilities


You were on level 4 of the Dungeon.
You visited 1 branch of the dungeon, and saw 4 of its levels.

You collected 158 gold pieces.


Innate Abilities, Weirdness & Mutations

You are immune to sickness and miasma.
Your stone body is resilient. (AC +3)
You are immune to poison.
You resist negative energy. (rN+)
You are resistant to electric shocks. (rElec)
You are resistant to unholy torment.
You are immune to petrification.


   Skills:
 - Level 2.0 Fighting
 - Level 4.0 Ranged Weapons
 + Level 0.9 Armour
 - Level 1.5 Dodging
 - Level 1.0 Spellcasting
 - Level 2.6 Hexes


You had 4 spell levels left.
You knew the following spells:

 Your Spells              Type           Power      Damage    Failure   Level
a - Slow                  Hex            28%        N/A       22%         1

Your spell library contained the following spells:

 Spells                   Type           Power      Damage    Failure   Level
 Inner Flame              Hex/Fire       4%         N/A       73%         3
 Portal Projectile        Hex/Tloc       8%         N/A       73%         3
 Cause Fear               Hex            3%         N/A       91%         4

Inventory:

Hand Weapons
 Y - a +1 sling (weapon)
Armour
 c - a +2 pair of boots
 g - a +0 ring mail (worn)
Jewellery
 f - a ring of ice
 i - a ring of fire
 k - a ring of fire
Wands
 d - a wand of digging (8)
Scrolls
 j - a scroll of enchant armour
Potions
 a - a potion of brilliance {unknown}
 e - a potion of curing {unknown}

Dungeon Overview and Level Annotations

Branches:
Dungeon (4/15)
 Temple: D:4-7

Altars:
Makhleb
Ru

Annotations:
D:4 Blork the orc


Message History

You shoot a sling bullet.
The sling bullet barely misses the adder.
The sling bullet completely misses Blork the orc.
The adder bites you but does no damage. The adder barely misses you.
You shoot a sling bullet.
The sling bullet closely misses the adder.
The sling bullet hits Blork the orc.
Blork the orc is severely wounded.
The adder bites you but does no damage. x2
You shoot a sling bullet. The sling bullet hits the adder.
The adder is heavily wounded.
The adder bites you but does no damage.
Blork the orc screams, "I'll make a cloak from your skin!"
You shoot a sling bullet. The sling bullet hits the adder.
The adder is heavily wounded.
The adder barely misses you. The adder bites you but does no damage.
You shoot a sling bullet.
The sling bullet closely misses Blork the orc.
The adder bites you.
Blork the orc hits you but does no damage.
The adder closely misses you.
Blork the orc hits you with a +0 short sword.
You shoot a sling bullet. The sling bullet hits Blork the orc.
Blork the orc is almost dead.
The adder bites you but does no damage. Blork the orc closely misses you.
You shoot a sling bullet.
The sling bullet barely misses Blork the orc.
The adder bites you but does no damage. Blork the orc closely misses you.
The adder barely misses you.
You shoot a sling bullet.
The sling bullet hits Blork the orc but does no damage.
Blork the orc is almost dead.
The adder bites you but does no damage.
Blork the orc hits you but does no damage.
The adder barely misses you.
You shoot a sling bullet. The sling bullet hits Blork the orc.
Blork the orc is almost dead.
Blork the orc hits you with a +0 short sword.
The adder bites you.
You die...

....).#..S.o$.....
#........##............#
#.#......##.##.........#
###>........#.........#
#..................#
...................#
...................###
.............S.......#
...)..o@......#
...###.....#... #..%...#
#..###..# #.. .... #.#
..(# .. ..# ... ..[


You could see Blork the orc and an adder.

Vanquished Creatures
  An adder (D:3)
  3 worms
  2 dart slugs
  An orc (D:4)
  6 ball pythons
  6 endoplasms
  A giant cockroach (D:1)
  7 goblins
  6 hobgoblins
  2 quokkas
  6 bats
  3 frilled lizards
  4 kobolds
  A rat (D:2)
49 creatures vanquished.

Notes
Turn   | Place    | Note
-------+----------+-------------------------------------------
     0 | D:1      | qw the Gargoyle Hexslinger began the quest for the Orb.
     0 | D:1      | Reached XP level 1. HP: 12/12 MP: 2/2
     0 | D:1      | 0 ||| qw: Version: 0.3-a-52-g30416fa
     0 | D:1      | 0 ||| qw: Game counter: 7846
     0 | D:1      | 0 ||| qw: Melee chars always use a shield: true
     0 | D:1      | 0 ||| qw: God list: Okawaru
     0 | D:1      | 0 ||| qw: Allow faded altars: false
     0 | D:1      | 0 ||| qw: Do Orc after clearing Dungeon:15 true
     0 | D:1      | 0 ||| qw: Do second Lair branch before Depths: true
     0 | D:1      | 0 ||| qw: Lair rune preference: random
     0 | D:1      | 0 ||| qw: Goals: Normal
     0 | D:1      | 0 ||| PLANNING D:1-11
   117 | D:1      | Reached XP level 2. HP: 14/16 MP: 3/3
   391 | D:1      | Reached skill level 3 in Ranged Weapons
   506 | D:1      | Reached XP level 3. HP: 21/21 MP: 4/4
   605 | D:1      | 605 ||| READING scroll labelled KIOGOO LEMA.
   606 | D:1      | 606 ||| READING scroll labelled IQAICK MUOG.
   607 | D:1      | 607 ||| READING scroll labelled APUORUMOLL.
   608 | D:1      | 608 ||| READING scroll labelled HOPETI MEGICZE.
   625 | D:1      | 625 ||| DROPPING scroll of poison.
  1266 | D:2      | 1266 ||| READING scroll labelled PIKUDI JOEBUV.
  1306 | D:3      | Reached XP level 4. HP: 23/26 MP: 5/5
  1411 | D:3      | Found a burning altar of Makhleb.
  1622 | D:3      | Reached skill level 4 in Ranged Weapons
  1717 | D:3      | Found a sacrificial altar of Ru.
  2031 | D:3      | 2031 ||| UPGRADING to +0 ring mail.
  2041 | D:3      | 2041 ||| DROPPING +0 robe.
  2042 | D:3      | 2042 ||| DROPPING ring of magical power.
  2043 | D:3      | 2043 ||| READING 2 scrolls labelled KUGROR LAIPP.
  2086 | D:4      | 2086 ||| STAIRDANCE
  2180 | D:4      | Noticed Blork the orc
  2193 | D:4      | HP: 4/26 [Blork the orc/puff of frost (7)]
  2194 | D:4      | 2194 ||| READING scroll of teleportation.
  2205 | D:4      | HP: 6/26 [adder (1)]
  2209 | D:4      | HP: 2/26 [Blork the orc/+0 short sword (4)]
  2209 | D:4      | Slain by an adder

Levels and vault maps discovered:
D:1:      giann_bridges, layout_basic
D:2:      layout_loops_ring
D:3:      layout_basic, mainiacjoe_overflow_small_starburst,
          mainiacjoe_overflow_alcove_2
D:4:      layout_cave_pools, nicolae_ashenzari_skybound,
          nzn_hepliaklqana_mist_gate, uniq_blork_the_orc

Skill      XL: |  1  2  3  4 |
---------------+-------------+-----
Ranged Weapons | 3 4 |  4.0
Fighting       | 2 |  2.0
Armour         | |  0.9
Dodging        | |  1.5
Spellcasting   | |  1.0
Hexes          | |  2.6

Action                     |  1- 3 |  4- 6 || total
---------------------------+-------+-------++-------
   Fire: Sling             |   108 |    69 ||   177
    Use: Scroll            |     5 |     2 ||     7
 Armour: Robe              |    11 |       ||    11
         Ring mail         |       |    20 ||    20
  Dodge: Dodged            |    28 |    14 ||    42

Table legend:
 A = Non-vault XP
 B = Vault XP
 C = Vault XP percentage of total XP
 D = Non-vault monster count
 E = Vault monster count
 F = Vault count percentage of total count
                 A         B        C        D         E       F
            +---------+---------+-------+---------+---------+-------
      Total |     112 |       0 |   0.0 |      49 |       0 |   0.0
            +---------+---------+-------+---------+---------+-------
        D:1 |      35 |       0 |   0.0 |      19 |       0 |   0.0
        D:2 |      27 |       0 |   0.0 |      11 |       0 |   0.0
        D:3 |      40 |       0 |   0.0 |      14 |       0 |   0.0
        D:4 |      10 |       0 |   0.0 |       5 |       0 |   0.0
            +---------+---------+-------+---------+---------+-------
